 Dungeon Crawl Stone Soup version 0.21.1-1-g345015f (webtiles) character file.

190 letownia2 the Chiller (level 5, 0/24 HPs)
             Began as a Vine Stalker Ice Elementalist on Feb 24, 2018.
             Slain by a gnoll
             ... wielding a cursed -3 flail
              (5 damage)
             ... on level 5 of the Dungeon.
             The game lasted 00:07:25 (1073 turns).

letownia2 the Chiller (VSIE)                        Turns: 1073, Time: 00:07:26

Health: 0/24       AC:  3    Str: 11      XL:     5   Next: 69%
Magic:  0/9        EV: 12    Int: 16      God:
Gold:   127        SH:  0    Dex: 13 (14) Spells: 4/8 levels left

rFire    . . .     SeeInvis .   g - +0 dagger (curse)
rCold    . . .     Gourm    .   (no shield)
rNeg     . . .     Faith    .   i - +0 troll leather armour
rPois    .         Spirit   +   (no helmet)
rElec    .         Reflect  .   (no cloak)
rCorr    .         Harm     .   r - +0 pair of gloves
MR       .....                  (no boots)
Stlth    ++........             (no amulet)
HPRegen  0.88/turn              e - -2 ring of protection (curse)
MPRegen  0.11/turn              (no ring)

@: no status effects
A: fangs 2, regeneration 1, magic shield, antimagic bite, no potion heal 3, rot
immunity
a: no special abilities


You were on level 5 of the Dungeon.
You were hungry.

You visited 1 branch of the dungeon, and saw 5 of its levels.

You collected 127 gold pieces.

Inventory:

Hand Weapons
 g - a cursed +0 dagger (weapon)
 j - a +0 blowgun
 l - a +0 short sword
 o - a +3 rapier
Missiles
 k - 7 poisoned needles
 m - 22 bolts
Armour
 a - a +0 robe
 i - a +0 troll leather armour (worn)
 r - a +0 pair of gloves (worn)
Jewellery
 e - a cursed -2 ring of protection (left hand)
Scrolls
 d - a scroll of immolation
 f - a scroll of identify {unknown}
 h - 3 scrolls of teleportation
 n - a scroll of fear {unknown}
 s - a scroll of enchant weapon {unknown}
 t - a scroll of remove curse {unknown}
Potions
 p - 2 potions of agility {unknown}
 q - a potion of curing {unknown}
Books
 b - a book of Frost

   Spells                             Type                      Level
   a - Freeze                         Ice                          1
   b - Throw Frost                    Conjuration/Ice              2
   c - Ozocubu's Armour               Charms/Ice                   3
   d - Throw Icicle                   Conjuration/Ice              4
   e - Summon Ice Beast               Ice/Summoning                4
Comestibles
 c - 4 rations


   Skills:
 - Level 1.1 Armour
 - Level 2.0 Dodging
 - Level 2.4 Stealth
 - Level 2.1 Spellcasting
   Level 1.0 Conjurations
 - Level 1.2 Charms
 + Level 5.4 Ice Magic


You had 4 spell levels left.
You knew the following spells:

 Your Spells              Type           Power        Failure   Level  Hunger
a - Freeze                Ice            ###.         2%          1    #......
o - Ozocubu's Armour      Chrm/Ice       ##......     21%         3    ###....


Dungeon Overview and Level Annotations

Branches:
Dungeon (5/15)
 Temple: D:4-7

Altars:

Annotations:
D:5 Quirk's ghost, novice TrFi


Innate Abilities, Weirdness & Mutations

You have extremely sharp teeth.
Your natural rate of healing is unusually fast.
When hurt, damage is shared between your health and your magic reserves.
Your bite disrupts and absorbs the magic of your enemies.
Potions cannot restore your health.
You are immune to rotting.


Message History

The gnoll sergeant hits you but does no damage.
Quirk's ghost hits you but does no damage.
Found a blue potion.
The phantom blinks!
Quirk's ghost lets out a mournful wail.
The phantom blinks!
Quirk's ghost ducks and says, "Too high!"
Quirk's ghost hits you but does no damage.
You are electrocuted!
The phantom blinks!
Quirk's ghost misses you. The gnoll sergeant barely misses you.
The phantom blinks!
The gnoll sergeant misses you. The gnoll hits you with a club.
Quirk's ghost hits you. The gnoll sergeant barely misses you.
You hear the brisk hiss of a very distant avalanche of sand.
Quirk's ghost says, "You will be nailed to the ground forevermore."
Quirk's ghost hits you!
* * * LOW HITPOINT WARNING * * *
The gnoll hits you with an enchanted flail.
You die...

#... #...........#
#..##.s..........
#..#.g..........
#...##.####....
###............
##.W.#..........
##.s##.......##..
+#g...............
##@g..##.......###.
##gW......#.........
#..#.######.....<...
#.##.##.Z...........
..##.##.###.........
.......#.# #.........
........#.# #.........
.........#.# #.........
..######.##.###.........


You could see a phantom, a gnoll sergeant, a scorpion, Quirk's ghost and 2
gnolls.

Vanquished Creatures
  A howler monkey (D:4)
  A quasit (D:5)
  An iguana (D:4)
  A howler monkey skeleton (D:4)
  5 adders
  A gnoll (D:4)
  A dart slug (D:1)
  A leopard gecko (D:3)
  3 orcs (D:4)
  A bat (D:3)
  2 goblins
  A hobgoblin (D:3)
  2 jackals (D:4)
  3 kobolds
  A quokka (D:4)
  A ball python zombie (D:5)
  2 frilled lizards (D:1)
  2 rats
30 creatures vanquished.

Notes
Turn   | Place    | Note
-------+----------+-------------------------------------------
     0 | D:1      | letownia2 the Vine Stalker Ice Elementalist began the quest for the Orb.
     0 | D:1      | Reached XP level 1. HP: 9/9 MP: 4/4
   126 | D:2      | Reached XP level 2. HP: 5/13 MP: 1/6
   376 | D:3      | Reached skill level 4 in Ice Magic
   376 | D:3      | Reached XP level 3. HP: 13/16 MP: 2/7
   381 | D:3      | Learned a level 3 spell: Ozocubu's Armour
   500 | D:4      | Reached skill level 1 in Charms
   500 | D:4      | Gained mutation: Your natural rate of healing is unusually fast. [Vine Stalker growth]
   500 | D:4      | Reached XP level 4. HP: 12/21 MP: 0/8
   609 | D:4      | Reached skill level 1 in Armour
   702 | D:5      | Entered Level 5 of the Dungeon
   737 | D:5      | Noticed a gnoll sergeant
   775 | D:4      | Reached XP level 5. HP: 22/24 MP: 4/9
   852 | D:4      | Reached skill level 5 in Ice Magic
  1046 | D:5      | Noticed Quirk's ghost (novice TrFi)
  1051 | D:5      | Noticed a phantom
  1073 | D:5      | Slain by a gnoll

Skill      XL: |  1  2  3  4  5 |
---------------+----------------+-----
Ice Magic      | 4 5 |  5.4
Charms         | 1 |  1.2
Dodging        | 2 |  2.0
Armour         | 1 |  1.1
Stealth        | |  2.4
Spellcasting   | |  2.1
Conjurations   | |  1.0

Action                   |  1- 3 |  4- 6 || total
-------------------------+-------+-------++-------
Melee: Unarmed           |     5 |       ||     5
       Bite              |     9 |     6 ||    15
       Dagger            |    17 |    23 ||    40
 Cast: Freeze            |    23 |    30 ||    53
  Use: Scroll            |       |     2 ||     2
  Eat: Chunk             |       |     1 ||     1
Armor: Troll leather arm |    11 |    12 ||    23
Dodge: Dodged            |    53 |    48 ||   101
